 Dungeon Sprint DCSS version 0.16.1-11-g651b585 (webtiles) character file.

198 Ryushun the Blocker (level 6, 0/55 HPs)
             Began as a Formicid Fighter on Mar 30, 2015.
             Slain by a yak (14 damage)
             ... in the Dungeon (Sprint I: "Red Sonja").
             The game lasted 00:02:24 (615 turns).

Ryushun the Blocker (Formicid Fighter)               Turns: 615, Time: 00:02:24

Health: 0/55       AC:  7    Str: 22    XL:     6   Next: 6%
Magic:  8/8        EV: 10    Int:  8    God:
Gold:   297        SH: 11    Dex: 10    Spells: 0 memorised, 5 levels left

rFire  . . .     SeeInvis +     a - +0 long sword
rCold  . . .     Clarity  .     b - +0 scale mail
rNeg   . . .     SustAb   .     c - +0 shield
rPois  .         Gourm    .     (helmet unavailable)
rElec  .         Spirit   .     (no cloak)
rCorr  .         Warding  .     (no gloves)
rMut   .         Stasis   +     (no boots)
MR     .....                    (no amulet)
Stlth  ..........               (no ring)
                                (no ring)

@: not resistant to hostile enchantments, extremely unstealthy
A: permanent stasis, dig shafts and tunnels, four strong arms, antennae 3
a: Dig


You were in the Dungeon.
You were not hungry.

You visited 1 branch You collected 297 gold pieces.

Inventory:

Hand weapons
 a - a +0 long sword (weapon)
 h - a +0 scythe
 j - a +0 club
Missiles
 l - 24 stones (quivered)
 n - 12 arrows
Armour
 b - a +0 scale mail (worn)
 c - a +0 shield (worn)
 k - a +0 robe
Scrolls
 m - a scroll of vulnerability {unknown}
Potions
 e - a potion of might
 g - a potion of heal wounds
 i - 2 potions of magic
Comestibles
 d - a bread ration


   Skills:
 + Level 7.2 Fighting
 + Level 4.2 Long Blades
 + Level 7.1 Armour
 + Level 2.2 Dodging
 + Level 8.4 Shields


You had 5 spell levels left.
You didn't know any spells.

Dungeon Overview and Level Annotations

Branches:
Dungeon (1/1)

Altars:
Elyvilon
Gozag
Kikubaaqudgha
Makhleb
Nemelex Xobeh
Qazlal
Ru
Sif Muna
Vehumet
Xom
Yredelemnul
Zin
The Shining One

Shops:
D %


Innate Abilities, Weirdness & Mutations

You are under a permanent stasis effect.
You can dig through walls and to a lower floor.
Your four strong arms can wield two-handed weapons with a shield.
You have a pair of large antennae on your head (SInv).


Message History

The yak is almost dead.
The yak gores you!
* * * LOW HITPOINT WARNING * * *
You feel better. You block the yak's attack.
You hit the yak but do no damage.
The yak is almost dead.
The yak gores you but does no damage. The yak barely misses you.
You hit the yak but do no damage.
The yak is almost dead.
You block the yak's attack.
You barely miss the yak.
The yak is almost dead.
The yak gores you but does no damage.
You hit the yak.
The yak is almost dead.
You block the yak's attack.
You barely miss the yak.
The yak is almost dead.
The yak gores you!
You die...

################
#<.#..'..#..'..#
#..'..#..'..#..+
{
#..#####'#####'#
#..# #.)#...#.#
#..#__####..##.#
{
#..#_..__##'#..+
#⌠⌠#_.∩...Y@.._#
{
####_..._##_.#'#
___ ##+#.# # ###
{ { {{ {


You could see a yak.

Vanquished Creatures
  An ogre (D)
  Sigmund (D)
  A jelly (D)
  Ijyb (D)
4 creatures vanquished.

Vanquished Creatures (others)
  A gargoyle (D)
1 creature vanquished.

Grand Total: 5 creatures vanquished

Notes
Turn   | Place    | Note
--------------------------------------------------------------
     0 | D        | Ryushun, the Formicid Fighter, began the quest for the Orb.
     0 | D        | Reached XP level 1. HP: 18/18 MP: 1/1
     2 | D        | Noticed Ijyb
    15 | D        | Killed Ijyb
    15 | D        | Reached skill level 4 in Fighting
    15 | D        | Reached XP level 2. HP: 23/26 MP: 3/3
    22 | D        | Noticed an ogre
    32 | D        | Killed an ogre
    32 | D        | Reached skill level 6 in Fighting
    32 | D        | Reached skill level 5 in Armour
    32 | D        | Reached skill level 1 in Dodging
    32 | D        | Reached XP level 3. HP: 9/34 MP: 4/4
    32 | D        | Reached XP level 4. HP: 10/40 MP: 5/5
    97 | D        | Killed a gargoyle
   272 | D        | Noticed Sigmund
   291 | D        | Killed Sigmund
   291 | D        | Reached skill level 8 in Shields
   291 | D        | Reached XP level 5. HP: 38/47 MP: 7/7
   359 | D        | Found a deep blue altar of Sif Muna.
   360 | D        | Noticed a jelly
   361 | D        | Found a radiant altar of Vehumet.
   365 | D        | Killed a jelly
   365 | D        | Reached XP level 6. HP: 22/55 MP: 8/8
   593 | D        | Found Fump's Food Emporium.
   593 | D        | Found a white marble altar of Elyvilon.
   593 | D        | Found a stormy altar of Qazlal.
   593 | D        | Found a burning altar of Makhleb.
   593 | D        | Found a sacrificial altar of Ru.
   593 | D        | Found a basalt altar of Yredelemnul.
   593 | D        | Found a glowing golden altar of the Shining One.
   593 | D        | Found a sparkling altar of Nemelex Xobeh.
   593 | D        | Found a shimmering altar of Xom.
   593 | D        | Found an opulent altar of Gozag.
   593 | D        | Found an ancient bone altar of Kikubaaqudgha.
   593 | D        | Found a glowing silver altar of Zin.
   593 | D        | Noticed a yak
   609 | D        | HP: 1/55 [yak (12)]
   615 | D        | Slain by a yak

Action                   |  1- 3 |  4- 6 || total
-------------------------+-------+-------++-------
Melee: Long sword        |    21 |    41 ||    62
  Use: Potion            |       |     1 ||     1
